 Dungeon Crawl Stone Soup version 0.22.0-38-g04b72b8 (webtiles) character file.

154339 Lew the Severer (level 16, -6/160 HPs)
             Began as a Minotaur Fighter on Aug 29, 2018.
             Was the Champion of Okawaru.
             Mangled by a jumping spider (18 damage)
             ... on level 3 of the Lair of Beasts on Aug 30, 2018.
             The game lasted 01:33:48 (25846 turns).

Lew the Severer (Minotaur Fighter)                 Turns: 25846, Time: 01:33:58

Health: -6/160     AC: 24    Str: 29    XL:     16   Next: 78%
Magic:  20/20      EV: 16    Int: 11    God:    Okawaru [******]
Gold:   1351       SH: 34    Dex: 18    Spells: 15/15 levels left

rFire    . . .     SeeInvis .   S - +8 broad axe of the Extremes {venom, rPois Str-3 Dex+2}
rCold    + + +     Gourm    .   c - +12 large shield "Lasufol" {rN+ Int+3}
rNeg     + + .     Faith    .   I - +0 chain mail of Domuackem {rElec rC+ Dex+2 Slay+2}
rPois    +         Spirit   .   (helmet unavailable)
rElec    +         Reflect  .   m - +2 cloak of Nocaiveh {rPois Int+3 Stlth+}
rCorr    .         Harm     +   N - +0 pair of gloves {archery}
MR       +....                  U - +5 pair of boots of Daisies {rPois Regen+ Str+2}
Stlth    ..........             p - amulet of harm
HPRegen  0.76/turn              C - ring "Tibrowe" {rC+ rN+ Dex+3}
MPRegen  0.17/turn              E - +3 ring of strength

@: very slightly contaminated, slowed, very slow
A: retaliatory headbutt, horns 3, cold resistance 1, poison resistance, robust 1
}: 1/15 runes: decaying
a: Heroism, Finesse, Renounce Religion


You were on level 3 of the Lair of Beasts.
You worshipped Okawaru.
Okawaru was exalted by your worship.
You were not hungry.

You visited 5 branches of the dungeon, and saw 27 of its levels.
You also visited: Ossuary.

You collected 2261 gold pieces.
You spent 910 gold pieces at shops.

Inventory:

Hand Weapons
 v - a +9 scimitar of electrocution
 H - a +1 scimitar of flaming
 S - the +8 broad axe of the Extremes (weapon) {venom, rPois Str-3 Dex+2}
   (Okawaru gifted it to you on level 14 of the Dungeon)

   It poisons the flesh of those it strikes.
   It affects your strength (-3).
   It affects your dexterity (+2).
   It protects you from poison.
Armour
 a - a scarf of repulsion
 c - the +12 large shield "Lasufol" (worn) {rN+ Int+3}
   (Okawaru gifted it to you on level 1 of the Swamp)

   It affects your intelligence (+3).
   It protects you from negative energy.
 i - a scarf of resistance
 m - the +2 cloak of Nocaiveh (worn) {rPois Int+3 Stlth+}
   (Okawaru gifted it to you on level 2 of the Swamp)

   It affects your intelligence (+3).
   It protects you from poison.
   It makes you more stealthy.
 D - +1 acid dragon scales
 I - the +0 chain mail of Domuackem (worn) {rElec rC+ Dex+2 Slay+2}
   (Okawaru gifted it to you on level 4 of the Swamp)

   It affects your dexterity (+2).
   It affects your accuracy and damage with ranged weapons and melee attacks
   (+2).
   It protects you from cold.
   It insulates you from electricity.
 N - a +0 pair of gloves of archery (worn)
 U - the +5 pair of boots of Daisies (worn) {rPois Regen+ Str+2}
   (You bought it in a shop on level 15 of the Dungeon)

   It affects your strength (+2).
   It protects you from poison.
   It increases your rate of regeneration.
Jewellery
 p - an amulet of harm (around neck)
 C - the ring "Tibrowe" (left hand) {rC+ rN+ Dex+3}
   (You found it on level 9 of the Dungeon)

   [ring of protection from cold]

   It affects your dexterity (+3).
   It protects you from cold.
   It protects you from negative energy.
 E - a +3 ring of strength (right hand)
 L - an uncursed ring of protection from magic
Wands
 b - a wand of digging (9)
 w - a wand of iceblast (11)
 B - a wand of paralysis (23)
 F - a wand of enslavement (20)
 K - a wand of disintegration (33)
 X - a wand of scattershot (10)
Scrolls
 e - 10 scrolls of teleportation
 h - 5 scrolls of remove curse
 k - 2 scrolls of magic mapping
 n - a scroll of fog
 o - 3 scrolls of identify
 u - 2 scrolls of fear
 P - 2 scrolls of acquirement
 Q - 2 scrolls of holy word
 W - a scroll of summoning
Potions
 d - 3 potions of might
 g - 10 potions of curing
 j - 5 potions of flight
 l - 5 potions of haste
 q - 3 potions of mutation
 s - 3 potions of brilliance
 z - a potion of agility
 G - 2 potions of magic
 J - 4 potions of lignification
 M - 2 potions of ambrosia
 O - a potion of berserk rage
 Y - a potion of cancellation
Miscellaneous
 y - a phantom mirror
 A - a lightning rod (2/4)
 V - a phial of floods (inert)
Comestibles
 f - 32 rations


   Skills:
 - Level 14.0 Fighting
 - Level 15.0 Long Blades
 - Level 15.0 Axes
 - Level 14.0 Armour
 + Level 13.2 Dodging
 + Level 15.0 Shields
 + Level 7.1 Invocations


You had 15 spell levels left.
You didn't know any spells.
Your spell library contained the following spells:

 Spells                   Type           Power        Failure   Level  Hunger
 Confusing Touch          Hex            #.....       99%         1    ##.....
 Flame Tongue             Conj/Fire      #....        99%         1    ##.....
 Summon Butterflies       Summ           #.......     99%         1    ##.....
 Summon Small Mammal      Summ           #...         99%         1    ##.....
 Call Imp                 Summ           #.......     100%        2    ###....
 Passwall                 Tmut/Erth      #.......     100%        2    ###....
 Throw Flame              Conj/Fire      #.....       100%        2    ###....
 Call Canine Familiar     Summ           #.......     100%        3    ####...
 Confuse                  Hex            #.......     100%        3    ####...
 Conjure Flame            Conj/Fire      #.......     100%        3    ####...
 Gell's Gravitas          Tloc           #.........   100%        3    ####...
 Inner Flame              Hex/Fire       #.......     100%        3    ####...
 Portal Projectile        Hex/Tloc       #.....       100%        3    ####...
 Stone Arrow              Conj/Erth      #.....       100%        3    ####...
 Summon Guardian Golem    Hex/Summ       #.......     100%        3    ####...
 Force Lance              Conj/Tloc      #.......     100%        4    #####..
 Leda's Liquefaction      Hex/Erth       #.........   100%        4    #####..
 Petrify                  Tmut/Erth      #.......     100%        4    #####..
 Sticky Flame             Conj/Fire      #.......     100%        4    #####..
 Summon Ice Beast         Ice/Summ       #.......     100%        4    #####..
 Summon Lightning Spire   Summ/Air       #.......     100%        4    #####..
 Fireball                 Conj/Fire      #.........   100%        5    ######.
 Irradiate                Conj/Tmut      #.........   100%        5    ######.
 Metabolic Englaciation   Hex/Ice        #.........   100%        5    ######.
 Summon Mana Viper        Hex/Summ       #.......     100%        5    ######.
 Yara's Violent Unravell  Hex/Tmut       #.........   100%        5    ######.
 Dispersal                Tloc           #.........   100%        6    #######
 Hydra Form               Tmut           #.........   100%        6    #######
 Statue Form              Tmut/Erth      #........    100%        6    #######
 Dragon Form              Tmut           #.........   100%        7    #######
 Summon Hydra             Summ           #.........   100%        7    #######
 Controlled Blink         Tloc           N/A          100%        8    #######
 Disjunction              Tloc           #.........   100%        8    #######


Dungeon Overview and Level Annotations

Branches:
Dungeon (15/15)            Temple (1/1) D:4            Lair (6/6) D:10
  Swamp (4/4) Lair:2       Spider (1/4) Lair:3        Slime (0/5) Lair:5
    Orc (0/2) D:12         Vaults (0/5) D:13         Depths (0/5) D:15

Altars:
Ashenzari
Cheibriados
Dithmenos
Elyvilon
Fedhas
Gozag
Hepliaklqana
Kikubaaqudgha
Makhleb
Nemelex Xobeh
Okawaru
Qazlal
Ru
Sif Muna
Trog
Uskayaw
Vehumet
Wu Jian
Xom
Yredelemnul
Zin
The Shining One
Beogh
Jiyva

Shops:
D:11 [   D:15 [


Innate Abilities, Weirdness & Mutations

You reflexively headbutt those who attack you in melee.
You have a pair of large horns on your head.
Your flesh is cold resistant. (rC+)
Your system is resistant to poisons. (rPois)
You are robust. (+10% HP)


Message History

Blink to where?
Press: ? - help, Dir - move target cursor You are very lightly contaminated with residual magic.
As you read the scroll of blinking, it crumbles to dust.
You feel sick.
You kill the torpor snail!
Okawaru accepts your kill.
You feel better.
You feel yourself speed up.
The wolf spider rages.
The torpor snail is caught in a web!
Being near the torpor snail leaves you feeling lethargic.
As you read the scroll of fear, it crumbles to dust.
You assume a fearsome visage.
You block the wolf spider's attack. x2
The jumping spider barely misses you. You block the jumping spider's attack.
You block the wolf spider's attack. The wolf spider bites you!
* * * LOW HITPOINT WARNING * * *
You block the wolf spider's attack. The wolf spider misses you.
The jumping spider pounces on you!
You die...

.......##### ##.......#
........#..# ###.#.....P#
....##.....###.#......[.#
....###....##...........#
......###...........(...###
.....####....P.....(....#.#
..#..##....#.##...(......##
##.##..#...##......>......#
#######...###..s@........##
#.#.##...###...ss........#
#.......^.(..............#
.....^^[^...^^...........#
.......^^..^.............#
.........w...^..........[#
..[.^.^^^..^..^..........#
......^.^>^..............##
........w.^.^...<.......#.##


You could see a torpor snail (berserk), 2 wolf spiders and a jumping spider
(berserk).

Vanquished Creatures
  A thorn hunter (Swamp:4)
  Frances (D:12)
  Roxanne (D:14)
  An azure jelly (Lair:6)
  A fire giant (D:15)
  3 death oozes (Lair:6)
  Snorg (D:14)
  Josephine (D:14)
  A great orb of eyes (Lair:6)
  25 hydras
  The ghost of Ymberto the Thaumaturge, a journeyman DEFE of Sif Muna (D:12)
  A ghost crab (Swamp:2)
  A death knight (D:15)
  4 centaur warriors
  14 alligators
  An ogre mage (D:15)
  The ghost of skk the Grappler, a novice NaTm of Cheibriados (D:9)
  5 tengu warriors
  8 two-headed ogres
  A spriggan berserker (Swamp:4)
  A dancing weapon (D:12)
  Nergalle (D:12)
  Urug (Lair:3)
  The ghost of kalagan the Thaumaturge, a novice DEFE of Qazlal (D:9)
  3 unseen horrors
  6 shambling mangroves
  7 swamp dragons
  A swamp dragon (shapeshifter) (D:14)
  2 wolf spider zombies (D:15)
  The ghost of Ymberto the Transmogrifier, a novice NaTm (D:6)
  The ghost of feelmyfire the Summoner, a novice TeSu of Sif Muna (D:9)
  2 oklob plants (Lair:1)
  4 cyclopes
  4 wolf spiders
  An ugly thing (D:13)
  An orb spider (shapeshifter) (D:14)
  2 manticores
  7 elephants
  26 spiny frogs
  A gargoyle (D:14)
  A guardian serpent (shapeshifter) (D:13)
  2 torpor snails
  A freezing wraith (D:15)
  3 rime drakes
  The ghost of Rayvis the Summoner, a novice FeSu of Vehumet (D:9)
  A demonic crawler (Spider:1)
  2 tengu conjurers
  2 efreet
  5 komodo dragons
  3 kobold demonologists
  A queen bee (D:14)
  4 polar bears
  2 trolls (D:15)
  A jumping spider (shapeshifter) (D:13)
  A queen bee (shapeshifter) (D:13)
  8 tyrant leeches
  6 bog bodies (Swamp:4)
  5 jumping spiders (Spider:1)
  26 hornets
  A blink frog (shapeshifter) (D:13)
  16 hippogriffs
  23 blink frogs
  34 slime creatures
  4 dream sheep (Lair:2)
  7 spriggans
  8 redbacks (Spider:1)
  Sigmund (D:2)
  A shadow (D:15)
  5 wraiths (D:14)
  A tarantella (Spider:1)
  A hog (shapeshifter) (D:11)
  31 yaks
  4 wyverns
  3 hungry ghosts
  A basilisk (Lair:6)
  11 insubstantial wisps
  16 vampire mosquitoes
  20 swamp worms
  10 water moccasins
  2 acid dragons
  11 porcupines
  13 swamp drakes
  3 black bears
  9 orc warriors
  4 ice beasts
  An eye of draining (D:12)
  2 sky beasts
  2 phantoms
  6 ogres
  8 centaurs
  A necrophage (D:12)
  12 crocodiles
  4 big kobolds
  26 bullfrogs
  A wyvern zombie (D:6)
  2 scorpions
  2 wyvern skeletons
  38 killer bees
  16 wights
  4 howler monkeys
  An electric eel (Lair:6)
  2 bullfrog zombies
  7 crimson imps
  13 jellies
  3 centaur zombies
  2 quasits
  A centaur skeleton (D:12)
  7 hounds
  15 orc priests
  3 bullfrog skeletons
  A human zombie (Ossuary)
  16 orc wizards
  3 iguanas
  Ijyb (D:3)
  9 worker ants
  2 big kobold zombies (Ossuary)
  A hound skeleton (D:10)
  6 mummies
  Robin (D:3)
  12 adders
  6 shadow imps
  5 oozes (Lair:6)
  A worm (D:2)
  6 leopard geckos
  70 orcs
  8 giant cockroaches
  10 hobgoblins
  3 jackals (D:2)
  4 quokkas
  2 ball pythons
  8 bats
  4 frilled lizards
  13 goblins
  2 hobgoblin zombies (Ossuary)
  A jackal zombie (D:5)
  17 kobolds
  2 orc zombies (Ossuary)
  8 rats
  A butterfly (Lair:3)
  3 plants
866 creatures vanquished.

Vanquished Creatures (collateral kills)
  A redback (Spider:1)
1 creature vanquished.

Vanquished Creatures (others)
  An eldritch tentacle (Swamp:1)
  A jumping spider (Spider:1)
  A hornet (Swamp:2)
  A blink frog (Swamp:2)
  A goblin (D:3)
  2 fungi (Lair:6)
  14 plants
21 creatures vanquished.

Grand Total: 888 creatures vanquished

Notes
Turn   | Place    | Note
-------+----------+-------------------------------------------
     0 | D:1      | Lew the Minotaur Fighter began the quest for the Orb.
     0 | D:1      | Reached XP level 1. HP: 19/19 MP: 0/0
   144 | D:1      | Reached XP level 2. HP: 26/26 MP: 1/1
   774 | D:2      | Noticed Sigmund
   784 | D:2      | Killed Sigmund
   784 | D:2      | Reached XP level 3. HP: 26/34 MP: 2/2
   784 | D:2      | Reached XP level 4. HP: 32/41 MP: 3/3
   784 | D:2      | Reached XP level 5. HP: 37/47 MP: 4/4
  1075 | D:2      | Found a deep blue altar of Sif Muna.
  1269 | D:3      | Noticed Ijyb
  1273 | D:3      | Killed Ijyb
  1308 | D:3      | Noticed Robin
  1316 | D:3      | Reached XP level 6. HP: 53/53 MP: 5/5
  1326 | D:3      | Killed Robin
  1459 | D:3      | Found a transporter.
  1463 | D:3      | Found a transporter.
  1603 | D:3      | Found an ornate altar of the Wu Jian Council.
  1863 | D:3      | Gained mutation: You are robust. (+10% HP) [potion of mutation]
  1863 | D:3      | Gained mutation: You have a pair of large horns on your head. [potion of mutation]
  1863 | D:3      | Gained mutation: Your system is resistant to poisons. (rPois) [potion of mutation]
  1863 | D:3      | Gained mutation: Your flesh is cold resistant. (rC+) [potion of mutation]
  1923 | D:3      | Reached skill level 5 in Fighting
  1923 | D:3      | Reached skill level 5 in Armour
  1923 | D:3      | Reached skill level 5 in Shields
  1989 | D:4      | Reached skill level 5 in Axes
  2008 | D:4      | Found a sand-covered staircase.
  2021 | Ossuary  | Entered an ossuary
  2068 | Ossuary  | Reached XP level 7. HP: 45/67 MP: 6/6
  2461 | D:4      | Found a staircase to the Ecumenical Temple.
  2494 | D:4      | Found a shadowy altar of Dithmenos.
  2921 | Temple   | Entered the Ecumenical Temple
  3073 | D:5      | Entered Level 5 of the Dungeon
  3288 | D:5      | Reached skill level 5 in Dodging
  3418 | D:5      | Reached XP level 8. HP: 55/74 MP: 7/7
  3619 | D:5      | Found a sparkling altar of Nemelex Xobeh.
  4571 | D:6      | Found a runed gate.
  4571 | D:6      | Noticed Ymberto's ghost (novice NaTm)
  4626 | D:6      | Found a runed gate.
  4626 | D:6      | Found a runed gate.
  4627 | D:6      | Found a roughly hewn altar of Beogh.
  4649 | D:6      | Reached skill level 10 in Axes
  4659 | D:6      | Killed Ymberto's ghost
  4659 | D:6      | Reached XP level 9. HP: 41/81 MP: 8/8
  4892 | D:7      | Reached skill level 1 in Long Blades
  5692 | Temple   | Became a worshipper of Warmaster Okawaru
  5819 | D:7      | Reached skill level 5 in Long Blades
  6113 | D:7      | Reached XP level 10. HP: 68/89 MP: 9/9
  6355 | D:7      | Found a blossoming altar of Fedhas.
  6431 | D:8      | Found an ancient bone altar of Kikubaaqudgha.
  6500 | D:8      | Noticed a two-headed ogre
  6504 | D:8      | Killed a two-headed ogre
  6504 | D:8      | Reached * piety under Okawaru
  6622 | D:8      | Found an opulent altar of Gozag.
  6623 | D:8      | Found a sacrificial altar of Ru.
  6704 | D:8      | Found a shattered altar of Ashenzari.
  6727 | D:8      | Found a shattered altar of Ashenzari.
  6739 | D:8      | Reached ** piety under Okawaru
  6770 | D:8      | Found a snail-covered altar of Cheibriados.
  6944 | D:8      | Found a white marble altar of Elyvilon.
  7060 | D:9      | Found a runed gate.
  7062 | D:9      | Found a runed gate.
  7062 | D:9      | Noticed skk's ghost (novice NaTm)
  7063 | D:9      | Found a runed gate.
  7063 | D:9      | Noticed Rayvis's ghost (novice FeSu)
  7064 | D:9      | Noticed feelmyfire's ghost (novice TeSu)
  7066 | D:9      | Noticed kalagan's ghost (novice DEFE)
  7236 | D:9      | Identified a scroll of acquirement
  7249 | D:9      | Killed kalagan's ghost
  7257 | D:9      | Killed skk's ghost
  7259 | D:9      | Killed feelmyfire's ghost
  7259 | D:9      | Reached *** piety under Okawaru
  7261 | D:9      | Killed Rayvis's ghost
  7408 | D:9      | Got a fine lapis lazuli ring
  7419 | D:9      | Identified the ring "Tibrowe" {rC+ rN+ Dex+3} (You found it on level 9 of the Dungeon)
  7547 | D:9      | Found a hazy altar of Hepliaklqana.
  7568 | D:9      | Reached XP level 11. HP: 91/100 MP: 10/10
  8291 | D:10     | Entered Level 10 of the Dungeon
  8339 | D:10     | Found a basalt altar of Yredelemnul.
  8342 | D:10     | Noticed a two-headed ogre
  8349 | D:10     | Killed a two-headed ogre
  8533 | D:10     | Found a staircase to the Lair.
  8568 | D:10     | Reached **** piety under Okawaru
  8675 | D:10     | Killed an unseen horror
  9447 | D:11     | Found Ixorag's Armour Boutique.
  9934 | D:11     | Reached ***** piety under Okawaru
  9952 | D:11     | HP: 3/103 [something (6)]
 10869 | D:12     | Noticed Frances
 10875 | D:12     | Received a gift from Okawaru
 10880 | D:12     | Killed Frances
 10880 | D:12     | Reached XP level 12. HP: 65/113 MP: 9/11
 10881 | D:12     | Noticed Nergalle
 10897 | D:12     | Killed Nergalle
 11586 | D:12     | Found a staircase to the Orcish Mines.
 11666 | D:12     | Found a runed door.
 11667 | D:12     | Found a shimmering altar of Xom.
 11667 | D:12     | Noticed Ymberto's ghost (journeyman DEFE)
 11783 | D:12     | Killed Ymberto's ghost
 12288 | D:13     | Found a gate to the Vaults.
 12450 | D:13     | Received a gift from Okawaru
 12962 | D:13     | Reached skill level 10 in Long Blades
 12966 | D:13     | Reached skill level 10 in Armour
 13013 | D:13     | Noticed a tengu warrior
 13021 | D:13     | Killed a tengu warrior
 13021 | D:13     | Reached skill level 10 in Fighting
 13100 | D:14     | Noticed a centaur warrior
 13106 | D:14     | Killed a centaur warrior
 13106 | D:14     | Reached ****** piety under Okawaru
 13106 | D:14     | Reached skill level 15 in Axes
 13106 | D:14     | Reached skill level 10 in Shields
 13106 | D:14     | Reached XP level 13. HP: 110/124 MP: 12/12
 13174 | D:14     | Received a gift from Okawaru
 13578 | D:14     | Noticed Josephine
 13592 | D:14     | Killed Josephine
 13592 | D:14     | Reached skill level 10 in Dodging
 13709 | D:14     | Noticed Roxanne
 13780 | D:14     | Noticed Snorg
 13786 | D:14     | Killed Snorg
 13792 | D:14     | Received a gift from Okawaru
 13795 | D:14     | Got a steaming broad axe {god gift}
 13796 | D:14     | Identified the +8 broad axe of the Extremes {venom, rPois Str-3 Dex+2} (Okawaru gifted it to you on level 14 of the Dungeon)
 14942 | D:14     | Killed Roxanne
 14943 | D:14     | Identified Roxanne's Reference Book on Earth (You took it off Roxanne on level 14 of the Dungeon)
 15201 | D:15     | Entered Level 15 of the Dungeon
 15217 | D:15     | HP: 5/127 [death knight/battleaxe of venom (25)]
 15868 | D:15     | Found a staircase to the Depths.
 15868 | D:15     | Noticed a fire giant
 15993 | D:15     | Received a gift from Okawaru
 15996 | D:15     | Got a shimmering hand crossbow {god gift}
 15997 | D:15     | Identified the +5 hand crossbow of Keetieku {freeze, +Blink Dex+3 Stlth+} (Okawaru gifted it to you on level 15 of the Dungeon)
 16113 | D:15     | Found Oboatisch's Armour Boutique.
 16136 | D:15     | Reached XP level 14. HP: 95/136 MP: 13/13
 16147 | D:15     | Bought the +5 pair of boots of Daisies {rPois Regen+ Str+2} for 718 gold pieces
 16469 | D:15     | Killed a fire giant
 16828 | D:13     | Got a shimmering long sword {god gift}
 16829 | D:13     | Identified the +2 long sword of a bailey {slice, Str+4} (Okawaru gifted it to you on level 13 of the Dungeon)
 17076 | D:15     | Bought a scarf of repulsion for 192 gold pieces
 17245 | Lair:1   | Entered Level 1 of the Lair of Beasts
 17302 | Lair:1   | Found a bloodstained altar of Trog.
 17440 | Lair:1   | Received a gift from Okawaru
 17443 | Lair:1   | Got a pair of scorched boots {god gift}
 17467 | Lair:1   | Identified the +1 pair of boots of Okawaru's Regard {Int+3 SInv Stlth-} (Okawaru gifted it to you on level 1 of the Lair of Beasts)
 18173 | Lair:2   | Found a staircase to the Swamp.
 18179 | Lair:2   | Reached skill level 1 in Invocations
 19250 | Lair:3   | Found a hole to the Spider Nest.
 19281 | Lair:3   | Noticed Urug
 19290 | Lair:3   | Killed Urug
 20320 | Lair:5   | Found a viscous altar of Jiyva.
 20320 | Lair:5   | Found a staircase to the Slime Pits.
 20582 | Lair:6   | Entered Level 6 of the Lair of Beasts
 20645 | Lair:6   | Received a gift from Okawaru
 20777 | Lair:6   | Reached XP level 15. HP: 147/147 MP: 16/16
 20935 | Lair:6   | Learned a level 1 spell: Summon Butterflies
 20944 | Lair:6   | Learned a level 8 spell: Controlled Blink
 21156 | Lair:6   | Noticed an azure jelly
 21163 | Lair:6   | Found a viscous altar of Jiyva.
 21166 | Lair:6   | Killed an azure jelly
 21171 | Lair:6   | Paralysed by a great orb of eyes for 6 turns
 21783 | Swamp:1  | Entered Level 1 of the Swamp
 21911 | Swamp:1  | Received a gift from Okawaru
 21919 | Swamp:1  | Got a faintly humming large shield {god gift}
 22080 | Swamp:1  | Identified the +12 large shield "Lasufol" {rN+ Int+3} (Okawaru gifted it to you on level 1 of the Swamp)
 23068 | Swamp:2  | Received a gift from Okawaru
 23089 | Swamp:2  | Got a polished cloak {god gift}
 23260 | Swamp:2  | Identified the +2 cloak of Nocaiveh {rPois Int+3 Stlth+} (Okawaru gifted it to you on level 2 of the Swamp)
 23311 | Swamp:2  | Reached XP level 16. HP: 158/159 MP: 18/18
 23827 | Swamp:3  | Paralysed by a hornet for 3 turns
 23832 | Swamp:3  | Reached skill level 5 in Invocations
 24524 | Swamp:4  | Entered Level 4 of the Swamp
 24640 | Swamp:4  | Noticed a thorn hunter
 24782 | Swamp:4  | Killed a thorn hunter
 24782 | Swamp:4  | Reached skill level 15 in Long Blades
 24853 | Swamp:4  | Got a decaying rune of Zot
 24887 | Swamp:4  | Received a gift from Okawaru
 25103 | Swamp:4  | Got an ichor-stained cloak
 25245 | Swamp:4  | Received a gift from Okawaru
 25252 | Swamp:4  | Got a shimmering chain mail {god gift}
 25632 | Lair:2   | Identified the +2 cloak "Fipneept" {rPois} (You found it on level 4 of the Swamp)
 25654 | Lair:2   | Identified the +0 chain mail of Domuackem {rElec rC+ Dex+2 Slay+2} (Okawaru gifted it to you on level 4 of the Swamp)
 25817 | Spider:1 | Entered Level 1 of the Spider Nest
 25834 | Spider:1 | Reached skill level 15 in Shields
 25846 | Lair:3   | Mangled by a jumping spider

Skill      XL: |  1  2  3  4  5  6  7  8  9 10 11 12 13 14 15 16 |
---------------+-------------------------------------------------+-----
Axes           | 3 4 5 7 11 13 14 15 | 15.0
Fighting       | 4 5 6 8 10 11 12 13 14 | 14.0
Armour         | 4 5 6 8 10 11 12 14 | 14.0
Dodging        | 2 3 5 6 8 9 10 11 12 13 | 13.2
Shields        | 4 5 6 8 10 11 12 13 15 | 15.0
Long Blades    | 5 7 8 10 11 12 13 15 | 15.0
Invocations    | 2 4 7 |  7.1

Action                   |  1- 3 |  4- 6 |  7- 9 | 10-12 | 13-15 | 16-18 || total
-------------------------+-------+-------+-------+-------+-------+-------++-------
Melee: War axe           |    75 |   112 |   134 |       |       |       ||   321
       Headbutt          |     6 |    18 |    48 |   116 |   234 |    71 ||   493
       Club              |       |    16 |       |       |       |       ||    16
       Scimitar          |       |       |   135 |   483 |   808 |   244 ||  1670
       Broad axe         |       |       |       |       |       |    15 ||    15
Evoke: Wand              |       |       |       |     5 |    16 |       ||    21
       Lightning rod     |       |       |       |     4 |       |     4 ||     8
       Phial of floods   |       |       |       |       |       |     1 ||     1
  Use: Scroll            |     5 |     7 |    15 |    13 |    16 |     3 ||    59
       Potion            |       |     1 |    10 |     8 |     3 |     3 ||    25
 Stab: Paralysed         |       |       |       |     3 |       |       ||     3
       Confused          |       |       |       |       |       |     1 ||     1
  Eat: Chunk             |       |     3 |     5 |    17 |     9 |     4 ||    38
       Ration            |       |       |     3 |     3 |     7 |     2 ||    15
Armor: Scale mail        |    43 |    51 |    52 |       |       |       ||   146
       Plate armour      |       |       |    82 |    75 |       |       ||   157
       Acid dragon scale |       |       |       |    96 |   243 |    69 ||   408
       Skin              |       |       |       |     3 |       |       ||     3
       Chain mail        |       |       |       |       |       |    28 ||    28
Dodge: Dodged            |    25 |    43 |    88 |   219 |   389 |   175 ||   939
Block: Shield            |    46 |    63 |   143 |   308 |   138 |       ||   698
       Buckler           |       |       |       |       |   164 |       ||   164
       Large shield      |       |       |       |       |   269 |   448 ||   717
       Rpst.: Scimitar   |       |       |    11 |    42 |    81 |     8 ||   142
